 Dungeon Crawl Stone Soup version 0.29-a0-330-g52719c12eb (webtiles) character file.

Game seed: 8050014636937967761

5878 Crownlay the Thaumaturge (level 10, -2/68 HPs)
             Began as an Octopode Earth Elementalist on May 8, 2022.
             Was an Initiate of Gozag.
             Slain by a troll (9 damage)
             ... on level 9 of the Dungeon.
             The game lasted 00:22:13 (10703 turns).

Crownlay the Thaumaturge (OpEE)                    Turns: 10703, Time: 00:22:14

Health: -2/68      AC:  1    Str:  8    XL:     10   Next: 81%
Magic:  16/32      EV: 14    Int: 20    God:    Gozag
Gold:   619        SH:  0    Dex: 21    Spells: 19/27 levels left

rFire   . . .      SeeInvis .   i - +8 hand crossbow (vorpal)
rCold   . . .      Faith    .   (no shield)
rNeg    + . .      Spirit   .   (helmet restricted)
rPois   +          Reflect  .   (no amulet)
rElec   .          Harm     .   c - ring of Ygaint {rPois rN+ MP+9 Int-2 Dex+9}
rCorr   .          Rampage  .   (no ring)
Will    .....                   (no ring)
Stlth   ++++......              (no ring)
HPRegen 0.21/turn               (no ring)
MPRegen 0.23/turn               (no ring)
                                (no ring)
                                (no ring)

@: about to teleport, gold aura, slowed, very slow
A: almost no armour, amphibious, 8 rings, camouflage 1, gelatinous body 1,
(nimble swimmer 1), tentacles
a: Renounce Religion, Potion Petition, Call Merchant, Bribe Branch


You were on level 9 of the Dungeon.
You worshipped Gozag.
Gozag was pleased with you.
You visited 2 branches of the dungeon, and saw 10 of its levels.

You collected 1286 gold pieces.
You spent 600 gold pieces at shops.
You paid 67 gold pieces to Gozag.

Inventory:

Hand Weapons
 i - a +8 vorpal hand crossbow (weapon)
Missiles
 t - 2 throwing nets
 C - 28 stones
Magical Staves
 a - a staff of air
Jewellery
 c - the ring of Ygaint (left tentacle) {rPois rN+ MP+9 Int-2 Dex+9}
   (You acquired it on level 3 of the Dungeon)

   [ring of positive energy]

   Int:       It affects your intelligence (-2).
   Dex:       It affects your dexterity (+9).
   rPois:     It protects you from poison.
   rN:        It protects you from negative energy.
   MP:        It affects your magic capacity (+9).
Wands
 d - a wand of polymorph (9)
 o - a wand of digging (5)
 u - a wand of iceblast (14)
 w - a wand of flame (50)
 A - a wand of acid (2)
Scrolls
 f - a scroll of fog
 g - 2 scrolls of enchant armour
 k - a scroll of blinking {unknown}
 m - 2 scrolls of noise
 p - a scroll of magic mapping {unknown}
 r - 2 scrolls of vulnerability {unknown}
 s - a scroll of summoning
 y - a scroll of fear {unknown}
 B - a scroll of brand weapon
Potions
 b - a potion of magic
 e - 2 potions of mutation
 h - 7 potions of might
 l - a potion of flight
 n - a potion of cancellation {unknown}
 q - a potion of haste
 v - a potion of brilliance {unknown}
 x - a potion of curing {unknown}


   Skills:
 + Level 6.1 Fighting
 + Level 3.4 Crossbows
 - Level 2.0 Dodging
 - Level 2.6 Stealth
 * Level 9.4 Spellcasting
 + Level 7.0 Conjurations
 - Level 1.0 Transmutations
 + Level 7.7 Earth Magic


You had 19 spell levels left.
You knew the following spells:

 Your Spells              Type           Power      Damage    Failure   Level
a - Sandblast             Erth           80%        2d17      1%          1
b - Stone Arrow           Conj/Erth      76%        3d11      1%          3
c - Petrify               Tmut/Erth      26%        N/A       12%         4

Your spell library contained the following spells:

 Spells                   Type           Power      Damage    Failure   Level
 Passwall                 Tmut/Erth      21%        N/A       1%          2
 Corpse Rot               Necr/Air       18%        N/A       11%         2
 Poisonous Vapours        Pois/Air       18%        N/A       11%         2
 Iskenderun's Battlesphe  Conj           37%        2d9       12%         5
 Confusing Touch          Hex            9%         N/A       22%         3
 Iron Shot                Conj/Erth      19%        9d4       50%         6
 Yara's Violent Unravell  Hex/Tmut       5%         3d4       86%         5
 Summon Forest            Summ/Tloc      4%         N/A       90%         5
 Summon Mana Viper        Hex/Summ       9%         N/A       90%         5
 Summon Cactus Giant      Summ           4%         N/A       100%        6
 Enfeeble                 Hex            4%         N/A       100%        7
 Spellforged Servitor     Conj/Summ      11%        N/A       100%        7


Dungeon Overview and Level Annotations

Branches:
Dungeon (9/15)             Temple (1/1) D:4
   Lair: D:8-11         Orc: D:9-12

Altars:
Cheibriados
Gozag
Qazlal
The Shining One

Shops:
D:8 ?


Innate Abilities, Weirdness & Mutations

You cannot wear most types of armour.
You are amphibious.
You can wear up to eight rings at the same time.
Your skin changes colour to match your surroundings (Stealth+).
Your rubbery body absorbs attacks. (AC +1, EV +1)
((You are camouflaged when in or above water. (Stealth+)))
You have tentacles for arms and can constrict up to eight enemies at once.


Message History

The centaur wields a +0 shortbow.
The centaur shoots an arrow.
The arrow hits you!
The centaur shoots an arrow.
The arrow hits you!
You hear a shout!
You shoot a bolt. The bolt completely misses the centaur.
You hear a shout!
The centaur shoots an arrow.
The arrow hits you!
Casting: Stone Arrow (safe; 1% risk of failure)
Confirm with . or Enter, or press ? or * to list all spells.
You can't see any susceptible monsters within range! (Use Z to cast anyway.)
A kobold brigand, 5 kobolds and a troll come into view.
The kobold brigand is wielding a +0 dagger and quivering curare-tipped darts.
Found a dark potion.
The kobold brigand shouts!
The kobold shouts!
The centaur shoots an arrow.
The arrow hits you.
The kobold brigand throws a curare-tipped dart.
The curare-tipped dart hits you.
You have difficulty breathing.
* * * LOW HITPOINT WARNING * * *
You feel yourself slow down.
The kobold is distracted by your dazzling golden aura.
The centaur shoots an arrow.
The arrow hits you!
* * * LOW HITPOINT WARNING * * *
The kobold shouts!
You see here a potion of mutation.
As you read the scroll of fog, it crumbles to dust.
The scroll dissolves into smoke.
The centaur shoots an arrow.
The arrow hits you.
* * * LOW HITPOINT WARNING * * *
The centaur shoots an arrow.
The arrow barely misses you.
The troll barely misses you. x2; The troll misses you.
You feel much better. The troll closely misses you. The troll claws you. x2
* * * LOW HITPOINT WARNING * * *
The kobold closely misses you.
As you read the scroll of teleportation, it crumbles to dust.
You feel strangely unstable.
The centaur shoots an arrow.
The arrow barely misses you. The troll completely misses you.
The troll misses you. The troll claws you!
* * * LOW HITPOINT WARNING * * *
The kobold misses you. The troll barely misses you. The troll claws you!
You die...
Your body crumbles into a pile of gold.

#.............................
#.#####.>............#########
#.#####.......................
#.............................
#..............#############..
#############..# #§§# #§§#
#@§# ..KK.§cKT# .KK..§K§§§.
####.$....... #.c######## #..
... ..!.


You could see a troll, a centaur and 2 kobolds.

Vanquished Creatures
  Joseph (D:7)
  Maggie (D:7)
  Grinder (D:4)
  15 yaks
  Grum (D:8)
  A steam dragon (D:7)
  A water moccasin (D:6)
  2 sky beasts
  An orc warrior (D:4)
  3 black bears
  An ice beast (D:5)
  A centaur (D:8)
  2 wolves (D:8)
  3 bullfrogs
  4 wights (D:9)
  4 killer bees (D:7)
  A howler monkey (D:5)
  2 jellies
  5 orc priests
  A hound (D:7)
  Jessica (D:2)
  4 iguanas
  Terence (D:3)
  Natasha (thrice) (D:2)
  9 orc wizards
  Robin (D:4)
  7 gnolls
  9 adders
  A shadow imp (D:7)
  A white imp (D:6)
  2 ufetubi (D:4)
  3 worms
  A dart slug (D:1)
  33 orcs
  2 bats
  7 endoplasms
  6 giant cockroaches
  14 goblins
  10 hobgoblins
  6 jackals (D:1)
  4 quokkas
  6 ball pythons
  3 frilled lizards
  6 kobolds
  2 rats
193 creatures vanquished.

Vanquished Creatures (collateral kills)
  2 killer bees (D:7)
2 creatures vanquished.

Grand Total: 195 creatures vanquished

Notes
Turn   | Place    | Note
-------+----------+-------------------------------------------
     0 | D:1      | Crownlay the Octopode Earth Elementalist began the quest
                  | for the Orb.
     0 | D:1      | Reached XP level 1. HP: 11/11 MP: 3/3
   188 | D:1      | Reached XP level 2. HP: 18/18 MP: 3/5
   418 | D:1      | Found a faded altar of an unknown god.
   637 | D:1      | Reached XP level 3. HP: 13/22 MP: 6/6
   777 | D:1      | Reached skill level 1 in Conjurations
   788 | D:1      | Reached skill level 1 in Fighting
   810 | D:1      | Learned a level 3 spell: Stone Arrow
  1228 | D:2      | Noticed Natasha
  1232 | D:2      | Killed Natasha
  1233 | D:2      | Reached XP level 4. HP: 28/28 MP: 3/8
  1240 | D:2      | Reached skill level 3 in Spellcasting
  1531 | D:2      | Noticed Jessica
  1540 | D:2      | Killed Jessica
  1577 | D:2      | Reached XP level 5. HP: 18/34 MP: 9/9
  1877 | D:2      | Noticed Natasha
  1882 | D:2      | Killed Natasha
  1891 | D:2      | Noticed Natasha
  1897 | D:2      | Killed Natasha
  2570 | D:3      | Reached XP level 6. HP: 17/39 MP: 5/11
  2737 | D:3      | Identified a scroll of acquirement
  3062 | D:3      | Noticed Terence
  3070 | D:3      | Killed Terence
  3457 | D:3      | Acquired the ring of Ygaint {rPois rN+ MP+9 Int-2 Dex+9}
  3546 | D:4      | Reached skill level 4 in Spellcasting
  3883 | D:4      | Noticed a black bear
  3890 | D:4      | Killed a black bear
  3891 | D:4      | Reached XP level 7. HP: 31/45 MP: 5/13
  4028 | D:4      | Noticed Robin
  4035 | D:4      | Killed Robin
  4242 | D:4      | Noticed Grinder
  4246 | D:4      | Killed Grinder
  4247 | D:4      | Reached skill level 5 in Spellcasting
  4355 | D:4      | Learned a level 4 spell: Petrify
  4562 | D:4      | Found a staircase to the Ecumenical Temple.
  4606 | Temple   | Entered the Ecumenical Temple
  4618 | Temple   | Became a worshipper of Gozag Ym Sagoz the Greedy
  4737 | D:4      | Reached XP level 8. HP: 52/52 MP: 9/16
  4750 | D:4      | Reached skill level 5 in Earth Magic
  4918 | D:4      | Found a stormy altar of Qazlal.
  4919 | D:4      | Found a snail-covered altar of Cheibriados.
  5159 | D:5      | Entered Level 5 of the Dungeon
  5535 | D:5      | Reached skill level 6 in Spellcasting
  6296 | D:5      | Acquired a +6 vorpal hand crossbow
  7490 | D:7      | Noticed Maggie
  7496 | D:7      | Killed Maggie
  7497 | D:7      | Reached skill level 7 in Spellcasting
  7497 | D:7      | Reached XP level 9. HP: 60/60 MP: 13/19
  7579 | D:7      | Reached skill level 5 in Conjurations
  7584 | D:7      | Reached skill level 5 in Fighting
  7696 | D:7      | Noticed Joseph
  7712 | D:7      | Killed Joseph
  8163 | D:7      | Reached skill level 8 in Spellcasting
  8666 | D:8      | Found Ofoickob's Magic Scroll Shoppe.
  8699 | D:8      | Bought a scroll of teleportation for 48 gold pieces
  8699 | D:8      | Bought a scroll of noise for 16 gold pieces
  8699 | D:8      | Bought a scroll of identify for 32 gold pieces
  8699 | D:8      | Bought a scroll of fog for 32 gold pieces
  8699 | D:8      | Bought a scroll of identify for 32 gold pieces
  8699 | D:8      | Bought a scroll of brand weapon for 320 gold pieces
  8699 | D:8      | Bought a scroll of enchant weapon for 120 gold pieces
  8747 | D:8      | Reached skill level 1 in Crossbows
  8752 | D:8      | Reached XP level 10. HP: 20/66 MP: 13/22
  9342 | D:8      | Reached skill level 9 in Spellcasting
  9486 | D:8      | Noticed Grum
  9498 | D:8      | Killed Grum
 10703 | D:9      | Slain by a troll

Illustrated notes

Levels and vault maps discovered:
D:1:      lemuel_arrival_broad_hall, layout_basic, ebering_ecumenical_altar_webs
D:2:      layout_loops_ring, uniq_jessica, uniq_natasha
D:3:      layout_loops_corners, kennysheep_crisscross, uniq_terence
D:4:      layout_basic, gammafunk_temple_overflow_statue,
          minmay_temple_entry_statues_pillars, uniq_grinder, uniq_robin
D:5:      minmay_evil_eye, layout_rooms
D:6:      layout_layer_cave, hangedman_decor_diamond_cutter,
          hangedman_decor_clover_reticule
D:7:      layout_basic, uniq_maggie, uniq_joseph
D:8:      layout_basic, serial_shops, nicolae_shop_window_shopping, uniq_grum
D:9:      layout_long_grid, lair_entry_dummy, orc_0_dummy, enter_bailey_4
Temple:   mainiacjoe_temple_bowtie_tessellation

Skill      XL: |  1  2  3  4  5  6  7  8  9 10 |
---------------+-------------------------------+-----
Conjurations   | 1 2 3 4 6 7 |  7.0
Fighting       | 1 2 3 4 5 6 |  6.1
Spellcasting   | 3 4 5 7 8 9 |  9.4
Earth Magic    | 4 6 7 |  7.7
Crossbows      | 1 3 |  3.4
Dodging        | |  2.0
Stealth        | |  2.6
Transmutations | |  1.0

Action                   |  1- 3 |  4- 6 |  7- 9 | 10-12 || total
-------------------------+-------+-------+-------+-------++-------
Melee: Dagger            |    42 |    60 |       |       ||   102
       Constrict         |     7 |    12 |       |       ||    19
       Tentacles         |     5 |    17 |       |       ||    22
       Punch             |       |     2 |       |       ||     2
 Fire: Hand crossbow     |       |       |    42 |    42 ||    84
 Cast: Sandblast         |    15 |    48 |   113 |     8 ||   184
       Stone Arrow       |       |     9 |    56 |    42 ||   107
  Use: Potion            |       |     2 |     1 |     1 ||     4
       Scroll            |       |     3 |     9 |     4 ||    16
 Stab: Sleeping          |     7 |     7 |       |       ||    14
Armor: Skin              |     5 |     6 |     1 |       ||    12
Dodge: Dodged            |    22 |    55 |    45 |    28 ||   150

Table legend: (Time is in decaauts)
 A = Elapsed time spent in this place.
 B = Non-inter-level travel time spent in this place.
 C = Inter-level travel time spent in this place.
 D = Time resting spent in this place.
 E = Time spent auto-exploring this place.
 F = Levels seen in this place.
 G = Mean time per level.
                   A        B        C        D        E       F      G
               +--------+--------+--------+--------+--------+-----+--------+
         Total |  10732 |  10526 |    206 |      0 |   9069 |  10 | 1073.2 |
       Dungeon |  10711 |  10514 |    197 |      0 |   9063 |   9 | 1190.1 |
        Temple |     21 |     12 |      9 |      0 |      6 |   1 |   21.0 |
               +--------+--------+--------+--------+--------+-----+--------+

Top non-repeatable levels by time:
     D:8: 1737 daAuts
     D:4: 1499 daAuts
     D:7: 1376 daAuts
     D:3: 1300 daAuts
     D:1: 1190 daAuts
     D:6: 1182 daAuts
     D:5: 1142 daAuts
     D:2: 1140 daAuts
     D:9: 141 daAuts
  Temple: 21 daAuts
